 Dungeon Crawl Stone Soup version 0.23.2-33-g5129a83 (webtiles) character file.

Game seed: 4584628105069304728

25827 BoppinsLewinski the Grappler (level 13, -1/82 HPs)
             Began as a Gargoyle Monk on July 25, 2019.
             Was a High Priest of Makhleb.
             Slain by a crocodile (16 damage)
             ... on level 5 of the Lair of Beasts.
             The game lasted 00:51:51 (15209 turns).

BoppinsLewinski the Grappler (Gargoyle Monk)       Turns: 15209, Time: 00:51:51

Health: -1/82      AC:  0    Str: 20    XL:     13   Next: 22%
Magic:  19/19      EV: 18    Int: 13    God:    Makhleb [*****.]
Gold:   991        SH:  0    Dex: 12    Spells: 12/12 levels left

rFire    . . .     SeeInvis .     - Unarmed
rCold    . . .     Gourm    .   (shield currently unavailable)
rNeg     + . .     Faith    .   (armour currently unavailable)
rPois    ∞         Spirit   .   (helmet currently unavailable)
rElec    .         Reflect  .   (cloak currently unavailable)
rCorr    .         Harm     .   (gloves currently unavailable)
MR       .....     Clarity  +   (boots currently unavailable)
Stlth    ++........             (no amulet)
HPRegen  0.23/turn              (ring currently unavailable)
MPRegen  0.16/turn              (ring currently unavailable)

@: pig-form, very slightly contaminated, slowed, studying Bows, invisible
A: small, clarity, clever 1, negative energy resistance 1, wild magic 1,
evolution 1, petrification resistance, rot immunity, AC +9
a: Minor Destruction, Lesser Servant of Makhleb, Major Destruction, Greater
Servant of Makhleb, Renounce Religion


You were on level 5 of the Lair of Beasts.
You worshipped Makhleb.
Makhleb was extremely pleased with you.
You were near starving.
You were a filthy swine.
You visited 3 branches of the dungeon, and saw 16 of its levels.

You collected 1043 gold pieces.
You spent 52 gold pieces at shops.

Inventory:

Armour
 d - a +1 pair of gloves (melded)
 e - a +0 pair of boots (melded)
 h - a +0 chain mail
 C - the +5 ring mail "Gahir" (melded) {Int+6}
   (You found it on level 9 of the Dungeon)

   It affects your intelligence (+6).
Jewellery
 c - an uncursed ring of wizardry
 f - an uncursed ring of ice {unknown}
 t - an uncursed ring of fire
 u - an uncursed ring of positive energy
 y - an uncursed ring of positive energy
 z - a cursed amulet of inaccuracy {unknown}
 A - an uncursed ring of positive energy
 J - a cursed ring of attention {unknown}
 L - a cursed amulet of inaccuracy {unknown}
 P - an uncursed ring of magical power {unknown}
Wands
 j - a wand of digging (17)
 o - a wand of scattershot (1)
 r - a wand of enslavement (22)
 E - a wand of clouds (3)
 F - a wand of iceblast (27)
 G - a wand of random effects (20)
 H - a wand of acid (7)
 Q - a wand of flame (14)
Scrolls
 a - 2 scrolls of magic mapping
 g - a scroll of enchant weapon
 k - 10 scrolls of remove curse
 l - 4 scrolls of amnesia
 n - 7 scrolls of teleportation
 q - 4 scrolls of fear
 s - a scroll of blinking
 v - a scroll of brand weapon {unknown}
 w - 2 scrolls of enchant armour {unknown}
 B - 3 scrolls of fog {unknown}
 K - a scroll of vulnerability {unknown}
 M - a scroll of immolation {unknown}
 R - a scroll of torment {unknown}
Potions
 i - 3 potions of curing
 p - a potion of brilliance
 x - a potion of degeneration {unknown}
 D - a potion of agility {unknown}
 O - a potion of ambrosia {unknown}
Books
 m - a manual of Bows
Miscellaneous
 I - a box of beasts
Comestibles
 b - 17 rations


   Skills:
 * Level 10.2 Fighting
 + Level 10.0 Armour
 + Level 7.7 Dodging
 - Level 2.1 Stealth
 + Level 13.5 Unarmed Combat
 + Level 9.1 Invocations


You had 12 spell levels left.
You didn't know any spells.
Your spell library contained the following spells:

 Spells                   Type           Power        Failure   Level  Hunger
 Beastly Appendage        Tmut           #.....       38%         1    ##.....
 Sticks to Snakes         Tmut           #.......     52%         2    ###....
 Spider Form              Tmut/Pois      #.........   75%         3    ####...
 Ice Form                 Ice/Tmut       #.......     98%         4    #####..
 Blade Hands              Tmut           #.........   100%        5    ######.


Dungeon Overview and Level Annotations

Branches:
Dungeon (10/15)            Temple (1/1) D:4            Lair (5/6) D:10
 Shoals (0/4) Lair:3        Snake (0/4) Lair:3          Orc (0/2) D:10
  Slime: Lair:5-6

Altars:
Ashenzari
Cheibriados
Dithmenos
Elyvilon
Fedhas
Gozag
Hepliaklqana
Kikubaaqudgha
Makhleb
Nemelex Xobeh
Okawaru
Qazlal
Ru
Sif Muna
Trog
Uskayaw
Vehumet
Wu Jian
Xom
Yredelemnul
Zin
The Shining One

Shops:
D:8 ?

Annotations:
Lair:5 Kirke


Innate Abilities, Weirdness & Mutations

You are resistant to torment.
((Your stone body is resilient. (AC +9)))
You are immune to poison.
You resist negative energy. (rN+)
((You are resistant to electric shocks. (rElec)))
((You can survive without breathing.))
You are immune to petrification.
You are immune to rotting.
You possess an exceptional clarity of mind.
Your mind is acute. (Int +2)
((Your flesh is cold resistant. (rC+)))
Your spells are a little harder to cast, but a little more powerful.
You evolve.


Message History

The hog bites your neqoxec.
You closely miss Kirke.
Kirke is severely wounded.
The hog bites your neqoxec!
Your neqoxec dies!
Your quasit disappears in a puff of smoke!
Your iron imp disappears in a puff of smoke!
Kirke closely misses you.
The spiny frog gives a loud, deep croak!
You bite Kirke!
Kirke is almost dead.
The crocodile closely misses you. Kirke hits you! The crocodile bites you!
The spiny frog closely misses you.
Unknown command.
You barely miss Kirke.
Kirke is almost dead.
The hog completely misses you. Kirke hits you! The spiny frog stings you!
* * * LOW HITPOINT WARNING * * *
The crocodile bites you!
You die...

.. ..P.........
..##...........
.............#
#).#.......#
.#.....P....#
...........
.......†.#
.....§@h.#
.....hFht#
.....h.h...
............#
............#
............#
......>....P.
.............#


You could see Kirke, a spiny frog, 4 hogs and a crocodile.

Vanquished Creatures
  2 two-headed ogres
  4 death yaks
  An elephant (D:10)
  2 merfolk sirens (Lair:3)
  2 black mambas
  11 spiny frogs
  2 rime drakes
  5 komodo dragons
  A merfolk (Lair:3)
  2 trolls (D:10)
  Prince Ribbit (D:7)
  8 hippogriffs
  2 wraiths (D:10)
  15 yaks
  A hog (Lair:5)
  A human (D:9)
  2 basilisks
  3 wyverns
  Grum (D:10)
  2 hungry ghosts
  Menkaure (D:7)
  11 water moccasins
  Duvessa (D:6)
  2 floating eyes (D:10)
  8 porcupines
  4 orc warriors
  2 ice beasts
  3 sky beasts
  2 phantoms (D:9)
  7 wolves
  4 centaurs
  7 ogres
  12 crocodiles
  2 big kobolds
  Blork the orc (D:5)
  13 bullfrogs
  2 wyvern zombies
  Dowan (D:6)
  4 scorpions
  A killer bee (D:10)
  6 wights
  3 howler monkeys
  A crimson imp (D:10)
  2 centaur zombies (D:10)
  A quasit (D:7)
  3 hounds
  A jelly (D:8)
  A bullfrog skeleton (D:8)
  5 orc priests
  5 centaur skeletons
  3 iguanas
  Ijyb (D:3)
  13 orc wizards
  4 worker ants
  14 adders
  5 shadow imps
  A white imp (Lair:4)
  3 oozes
  An adder skeleton (D:7)
  3 worms (D:2)
  2 dart slugs (D:1)
  4 leopard geckos
  45 orcs
  6 ball pythons
  10 bats
  3 giant cockroaches
  6 goblins
  12 hobgoblins
  5 jackals
  4 quokkas
  10 frilled lizards
  A giant cockroach zombie (D:5)
  15 kobolds
  A leopard gecko skeleton (D:6)
  2 quokka skeletons
  8 rats
366 creatures vanquished.

Vanquished Creatures (collateral kills)
  A hydra (Lair:2)
  A merfolk siren (Lair:3)
  A spiny frog (Lair:3)
  2 yaks (D:9)
  A basilisk (Lair:3)
  3 hogs
  A crocodile (Lair:2)
  3 bullfrogs (Lair:3)
  5 orcs (D:10)
18 creatures vanquished.

Vanquished Creatures (others)
  A hydra (Lair:5)
  4 fungi
  A plant (Lair:3)
6 creatures vanquished.

Grand Total: 390 creatures vanquished

Notes
Turn   | Place    | Note
-------+----------+-------------------------------------------
     0 | D:1      | BoppinsLewinski the Gargoyle Monk began the quest for the
                  | Orb.
     0 | D:1      | Reached XP level 1. HP: 14/14 MP: 1/1
   127 | D:1      | Reached XP level 2. HP: 19/19 MP: 2/2
   830 | D:1      | Reached XP level 3. HP: 23/23 MP: 3/3
  1214 | D:2      | Reached skill level 4 in Unarmed Combat
  1460 | D:2      | Reached skill level 1 in Armour
  1460 | D:2      | Reached XP level 4. HP: 26/28 MP: 4/4
  1643 | D:2      | Reached XP level 5. HP: 32/32 MP: 5/5
  1992 | D:3      | Noticed Ijyb
  2011 | D:2      | Reached skill level 5 in Unarmed Combat
  2088 | D:3      | Killed Ijyb
  2144 | D:3      | You fall through a shaft for 3 floors!
  2149 | D:6      | Noticed an ogre
  2152 | D:5      | Entered Level 5 of the Dungeon
  2250 | D:5      | Noticed an ogre
  2254 | D:5      | Killed an ogre
  2254 | D:5      | Reached XP level 6. HP: 34/37 MP: 6/6
  2304 | D:5      | Reached skill level 6 in Unarmed Combat
  2351 | D:4      | You fall through a shaft!
  2419 | D:5      | Noticed Blork the orc
  2426 | D:5      | Killed Blork the orc
  2426 | D:5      | Reached XP level 7. HP: 38/41 MP: 7/7
  2936 | D:6      | Reached skill level 7 in Unarmed Combat
  2965 | D:4      | Found a staircase to the Ecumenical Temple.
  2982 | Temple   | Entered the Ecumenical Temple
  3143 | Temple   | Became a worshipper of Makhleb the Destroyer
  3143 | Temple   | Reached * piety under Makhleb
  3143 | Temple   | Reached ** piety under Makhleb
  3244 | D:4      | Reached XP level 8. HP: 21/48 MP: 8/8
  3246 | D:4      | Reached skill level 1 in Invocations
  3276 | D:4      | Reached skill level 8 in Unarmed Combat
  4430 | D:3      | Reached *** piety under Makhleb
  4633 | D:6      | Reached skill level 5 in Armour
  4965 | D:6      | Noticed Duvessa
  4965 | D:6      | Noticed Dowan
  5011 | D:6      | Killed Duvessa
  5011 | D:6      | Reached skill level 5 in Fighting
  5011 | D:6      | Reached XP level 9. HP: 54/54 MP: 11/11
  5102 | D:6      | Found a glowing silver altar of Zin.
  5102 | D:6      | Found a snail-covered altar of Cheibriados.
  5103 | D:6      | Found a bloodstained altar of Trog.
  5180 | D:6      | Killed Dowan
  5180 | D:6      | Reached skill level 9 in Unarmed Combat
  5535 | D:7      | Noticed Prince Ribbit
  5812 | D:7      | Noticed Menkaure
  5817 | D:7      | Killed Menkaure
  5995 | D:7      | Found an ornate altar of the Wu Jian Council.
  6429 | D:7      | Killed Prince Ribbit
  6429 | D:7      | Reached XP level 10. HP: 60/60 MP: 13/13
  6667 | D:8      | Found Qeusm's Magic Scroll Shoppe.
  6673 | D:8      | Bought a scroll of identify for 26 gold pieces
  6675 | D:8      | Bought a scroll of identify for 26 gold pieces
  6694 | D:8      | Reached **** piety under Makhleb
  6694 | D:8      | Reached skill level 10 in Unarmed Combat
  6749 | D:8      | Noticed a two-headed ogre
  6769 | D:8      | Killed a two-headed ogre
  6769 | D:8      | Reached skill level 5 in Invocations
  6793 | D:8      | Reached skill level 5 in Dodging
  7792 | D:9      | Got a slimy ring mail
  7793 | D:9      | Identified the +5 ring mail "Gahir" {Int+6} (You found it
                  | on level 9 of the Dungeon)
  8149 | D:10     | Entered Level 10 of the Dungeon
  8230 | D:10     | Found a staircase to the Orcish Mines.
  8308 | D:10     | Reached ***** piety under Makhleb
  8374 | D:10     | Paralysed by a floating eye for 3 turns
  8431 | D:10     | Reached skill level 11 in Unarmed Combat
  8448 | D:10     | Noticed a two-headed ogre
  8458 | D:10     | Killed a two-headed ogre
  8458 | D:10     | Reached XP level 11. HP: 25/67 MP: 15/15
  8571 | D:10     | Found a staircase to the Lair.
  8571 | D:10     | Noticed a death yak
  8957 | D:10     | Noticed Grum
  8995 | D:10     | Killed Grum
  9803 | D:10     | Killed a death yak
 10709 | Lair:1   | Entered Level 1 of the Lair of Beasts
 11298 | Lair:1   | Reached skill level 12 in Unarmed Combat
 11594 | Lair:2   | Noticed a four-headed hydra
 11600 | Lair:2   | Killed a four-headed hydra
 11760 | Lair:2   | Noticed a death yak
 11761 | Lair:2   | Noticed a death yak
 11762 | Lair:2   | Noticed a death yak
 11768 | Lair:2   | Gained mutation: Your body sometimes deteriorates upon
                  | taking damage. [potion of mutation]
 11768 | Lair:2   | Gained mutation: You are partially covered in thin metallic
                  | scales. (AC +2) [potion of mutation]
 11772 | Lair:2   | Killed a death yak
 11772 | Lair:2   | Reached XP level 12. HP: 75/75 MP: 17/17
 11780 | Lair:2   | Killed a death yak
 11781 | Lair:2   | Killed a death yak
 12064 | Lair:2   | Found a glowing golden altar of the Shining One.
 12394 | Lair:2   | Lost mutation: Your body sometimes deteriorates upon taking
                  | damage. [potion of mutation]
 12394 | Lair:2   | Lost mutation: You are partially covered in thin metallic
                  | scales. (AC +2) [potion of mutation]
 12394 | Lair:2   | Gained mutation: Your mind is acute. (Int +2) [potion of
                  | mutation]
 12394 | Lair:2   | Gained mutation: You possess an exceptional clarity of
                  | mind. [potion of mutation]
 12394 | Lair:2   | Gained mutation: You are weak. (Str -2) [potion of
                  | mutation]
 12394 | Lair:2   | Gained mutation: Your spells are a little harder to cast,
                  | but a little more powerful. [potion of mutation]
 13151 | Lair:3   | Reached skill level 13 in Unarmed Combat
 13164 | Lair:3   | Found a staircase to the Shoals.
 13231 | Lair:3   | Found a staircase to the Snake Pit.
 13233 | Lair:3   | You fall through a shaft!
 13609 | Lair:3   | Reached XP level 13. HP: 70/81 MP: 19/19
 13676 | Lair:3   | Lost mutation: Your spells are a little harder to cast, but
                  | a little more powerful. [potion of mutation]
 13676 | Lair:3   | Lost mutation: You are weak. (Str -2) [potion of mutation]
 13676 | Lair:3   | Gained mutation: Your spells are a little harder to cast,
                  | but a little more powerful. [potion of mutation]
 13676 | Lair:3   | Gained mutation: Your flesh is cold resistant. (rC+)
                  | [potion of mutation]
 13676 | Lair:3   | Gained mutation: You evolve. [potion of mutation]
 13883 | Lair:3   | Reached skill level 10 in Fighting
 14530 | Lair:3   | Reached skill level 10 in Armour
 15186 | Lair:5   | Noticed Kirke
 15209 | Lair:5   | Slain by a crocodile

Skill      XL: |  1  2  3  4  5  6  7  8  9 10 11 12 13 |
---------------+----------------------------------------+-----
Unarmed Combat | 4 5 6 7 8 9 11 12 13 | 13.5
Armour         | 1 2 3 4 5 6 7 8 9 10 | 10.0
Dodging        | 3 4 5 6 7 |  7.7
Invocations    | 3 4 6 7 8 9 |  9.1
Fighting       | 5 6 7 8 9 10 | 10.2
Stealth        | |  2.1

Action                   |  1- 3 |  4- 6 |  7- 9 | 10-12 | 13-15 || total
-------------------------+-------+-------+-------+-------+-------++-------
Melee: Unarmed           |   119 |   179 |   506 |   862 |   192 ||  1858
       Punch             |       |     1 |    16 |    47 |    13 ||    77
Invok: Minor Destruction |       |       |     2 |    11 |       ||    13
       Lesser Servant of |       |       |     1 |     8 |     1 ||    10
       Major Destruction |       |       |       |       |     1 ||     1
Evoke: Wand              |       |       |       |     9 |       ||     9
  Use: Potion            |     1 |     2 |    11 |     9 |     3 ||    26
       Scroll            |       |       |     7 |     5 |       ||    12
 Stab: Sleeping          |     1 |       |       |     1 |       ||     2
       Invisible         |       |       |     4 |       |       ||     4
       Distracted        |       |       |       |     1 |       ||     1
       Confused          |       |       |       |     1 |       ||     1
  Eat: Chunk             |     2 |     2 |     7 |    15 |     4 ||    30
       Ration            |       |       |     2 |     6 |       ||     8
Armor: Robe              |    14 |       |       |       |       ||    14
       Chain mail        |    30 |   125 |   353 |    82 |       ||   590
       Ring mail         |       |       |       |   311 |    77 ||   388
       Skin              |       |       |       |    11 |       ||    11
Dodge: Dodged            |    49 |    70 |   203 |   462 |   138 ||   922
